 Dungeon Crawl Stone Soup version 0.27-a0-1113-gb2b6fe9c5e (webtiles) character file.

Game seed: 15398228830215052478

21834 EWolf27 the Brawler (level 12, -1/122 HPs)
             Began as a Troll Berserker on Apr 30, 2021.
             Was a High Priest of Trog.
             Killed from afar by a frost giant (16 damage)
             ... with a bolt of cold
             ... in an ice cave on May 1, 2021.
             The game lasted 00:49:43 (10515 turns).

EWolf27 the Brawler (Troll Berserker)              Turns: 10515, Time: 00:49:44

Health: -1/122     AC: 15    Str: 29    XL:     12   Next: 57%
Magic:  11/11      EV: 13    Int:  5    God:    Trog [*****.]
Gold:   608        SH:  5    Dex: 16    Spells: 11/11 levels left

rFire    . . .     SeeInvis .     - Unarmed
rCold    . . .     Faith    .   (no shield)
rNeg     . . .     Spirit   .   H - +0 acid dragon scales
rPois    .         Reflect  +   E - +0 hat
rElec    .         Harm     .   m - +1 cloak
rCorr    +         Rampage  .   (gloves unavailable)
Will     .....                  (boots unavailable)
Stlth    +.........             I - amulet of reflection
HPRegen  1.30/turn              A - +4 ring of protection
MPRegen  0.12/turn              p - +6 ring of dexterity

@: very slow
A: large, unfitting armour, claws 3, regeneration 1, shaggy fur 1, tough skin 1
a: Renounce Religion, Berserk, Trog's Hand, Brothers in Arms


You were in an ice cave.
You worshipped Trog.
Trog was extremely pleased with you.
You visited 3 branches of the dungeon, and saw 14 of its levels.
You also visited: Ice Cave.

You collected 608 gold pieces.

Inventory:

Hand Weapons
 a - a +0 giant spiked club
Missiles
 b - 287 stones (quivered)
 f - 9 silver javelins
 J - 6 large rocks
Armour
 m - a +1 cloak (worn)
 E - a +0 hat (worn)
 H - +0 acid dragon scales (worn)
Jewellery
 i - an amulet of regeneration
 j - a ring of resist corrosion
 p - a +6 ring of dexterity (right claw)
 A - a +4 ring of protection (left claw)
 I - an amulet of reflection (around neck)
Wands
 c - a wand of flame (37)
 k - a wand of paralysis (11)
 t - a wand of iceblast (9)
 D - a wand of acid (8)
 K - a wand of digging (6)
Scrolls
 d - a scroll of torment {unknown}
 e - a scroll of identify
 o - 2 scrolls of immolation {unknown}
 q - 3 scrolls of amnesia {unknown}
 r - 4 scrolls of teleportation
 w - 2 scrolls of blinking
 x - a scroll of fear {unknown}
 y - 2 scrolls of silence
 B - 2 scrolls of enchant armour
 C - a scroll of fog {unknown}
 F - 2 scrolls of enchant weapon {unknown}
 G - a scroll of brand weapon {unknown}
 L - a scroll of vulnerability {unknown}
 M - a scroll of magic mapping {unknown}
Potions
 g - a potion of flight {unknown}
 h - a potion of magic {unknown}
 l - 3 potions of curing
 s - 3 potions of haste {unknown}
 u - a potion of invisibility {unknown}
 v - 2 potions of brilliance {unknown}
 z - 2 potions of lignification {unknown}


   Skills:
 + Level 8.9 Fighting
 + Level 3.9 Armour
 - Level 8.1 Dodging
 * Level 15.2 Unarmed Combat


You had 11 spell levels left.
You didn't know any spells.
Your spell library was empty.

Dungeon Overview and Level Annotations

Branches:
Dungeon (12/15)            Temple (0/1) D:4            Lair (1/6) D:8
    Orc (1/2) D:9           IceCv (1/1)

Altars:
Elyvilon

Annotations:
Lair:1 exclusion: oklob plant


Innate Abilities, Weirdness & Mutations

You are too large for most types of armour.
You have claws for hands.
Your natural rate of healing is unusually fast.
You are covered in fur. (AC +1)
You have tough skin. (AC +1)


Message History

The frost giant is severely wounded.
The frost giant gestures at you while chanting.
The bolt of cold hits you!!
You claw the frost giant!
The frost giant is almost dead.
The frost giant gestures at you while chanting.
The bolt of cold hits you!!
* * * LOW HITPOINT WARNING * * *
You scratch the frost giant but do no damage.
The frost giant is severely wounded.
Your skin crawls.
You feel strong-willed. The frost giant barely misses you.
The frost giant casts a spell at you. The bolt of cold misses you.
The frost giant points at you and mumbles some strange words.
The bolt of cold hits you!!
* * * LOW HITPOINT WARNING * * *
You feel much better.
The frost giant gestures at you while chanting.
The bolt of cold hits you!!
* * * LOW HITPOINT WARNING * * *
Blink to where?
Press: ? - help, Dir - move target
As you read the scroll of blinking, it crumbles to dust.
You enter the shallow water.
Moving in this stuff is going to be slow.
You feel the effects of Trog's Hand fading.
The frost giant casts a spell at you. The bolt of cold hits you!!!
* * * LOW HITPOINT WARNING * * *
The frost giant gestures at you while chanting.
The bolt of cold misses you.
Your skin stops crawling.
You feel less strong-willed.
You are too injured to fight recklessly!
You are too injured to fight recklessly!
You are too injured to fight recklessly!
The frost giant gestures at you while chanting.
The bolt of cold hits you!
You die...

##..# ### ≈# .##.##
####.## ≈# .##..#
##.#...# ##≈#
.###.####....#≈# #≈≈#
.####.#.#.#.##≈###≈≈#
..###.#...#####≈#≈≈#
#..##....#### #≈≈≈##
#.###..### #≈≈##≈≈#
..##..## ##≈≈#≈@##
.###### ##≈≈≈≈≈C≈# ##
#≈≈≈≈≈≈#≈# #
≈≈≈≈#≈#°.# #
≈#≈≈≈##.## ≈≈≈≈≈#.C#
## ≈#≈≈##.## .# ≈≈≈
#.###.# ##.#.##


You could see a frost giant.

Vanquished Creatures
  Snorg (D:11)
  3 hydras
  Erica (D:10)
  3 two-headed ogres (D:11)
  2 death yaks (IceCv)
  A cyclops (D:11)
  An orc sorcerer (Orc:1)
  An ice statue (IceCv)
  A rime drake (Lair:1)
  2 komodo dragons (Lair:1)
  2 unseen horrors
  9 polar bears (IceCv)
  3 trolls
  Prince Ribbit (D:8)
  A dream sheep (D:10)
  2 hornets (D:8)
  Sigmund (D:4)
  2 vampires
  2 wraiths
  A wyvern (D:9)
  5 humans
  A steam dragon (D:4)
  14 yaks
  4 vampire mosquitoes (D:10)
  A warg (D:9)
  Edmund (D:6)
  An acid dragon (D:9)
  2 water moccasins (Lair:1)
  An ice beast (D:8)
  2 hornet zombies (D:8)
  3 orc warriors (D:9)
  A sky beast (D:6)
  A necrophage (D:7)
  2 ogres
  14 wolves (IceCv)
  7 centaurs
  2 phantoms (D:5)
  A bullfrog (D:7)
  A wyvern zombie (D:6)
  2 scorpions
  A gnoll sergeant (D:9)
  A wyvern skeleton (D:7)
  A water moccasin skeleton (D:6)
  5 killer bees (D:8)
  A howler monkey (D:7)
  8 wights
  2 bullfrog zombies (D:6)
  2 centaur zombies
  2 hounds
  8 orc priests
  A jelly (D:6)
  A bullfrog skeleton (D:5)
  A gnoll shaman (D:8)
  13 orc wizards
  6 hell rats (Lair:1)
  An iguana (D:5)
  A killer bee zombie (D:5)
  A mummy (D:6)
  10 gnolls
  2 howler monkey skeletons
  2 adders
  A shadow imp (D:7)
  2 white imps (D:6)
  An ufetubus (D:6)
  A dart slug (D:4)
  34 orcs
  3 endoplasms
  A giant cockroach (D:4)
  3 goblins
  6 hobgoblins
  4 quokkas
  4 ball pythons
  4 bats
  2 frilled lizards
  A hobgoblin zombie (D:6)
  A kobold (D:2)
  2 kobold zombies (D:6)
  An orc zombie (D:6)
247 creatures vanquished.

Vanquished Creatures (others)
  A polar bear (IceCv)
  A human (D:11)
  2 fungi (Lair:1)
  A plant (Lair:1)
5 creatures vanquished.

Grand Total: 252 creatures vanquished

Notes
Turn   | Place    | Note
-------+----------+-------------------------------------------
     0 | D:1      | EWolf27 the Troll Berserker began the quest for the Orb.
     0 | D:1      | Reached XP level 1. HP: 22/22 MP: 0/0
   488 | D:1      | Reached XP level 2. HP: 29/29 MP: 1/1
  1082 | D:2      | Found a faded altar of an unknown god.
  1347 | D:3      | Reached XP level 3. HP: 37/37 MP: 2/2
  1678 | D:3      | Reached skill level 4 in Unarmed Combat
  1678 | D:3      | Reached XP level 4. HP: 21/45 MP: 3/3
  2421 | D:4      | Noticed Sigmund
  2446 | D:4      | Killed Sigmund
  2447 | D:4      | Reached skill level 5 in Unarmed Combat
  2447 | D:4      | Reached XP level 5. HP: 37/53 MP: 4/4
  2447 | D:4      | Reached XP level 6. HP: 43/61 MP: 5/5
  2652 | D:4      | Reached ** piety under Trog
  2814 | D:4      | Found a staircase to the Ecumenical Temple.
  2864 | D:4      | Noticed a steam dragon
  2874 | D:4      | Killed a steam dragon
  2875 | D:4      | Reached skill level 6 in Unarmed Combat
  2943 | D:5      | Entered Level 5 of the Dungeon
  2991 | D:5      | Reached XP level 7. HP: 67/68 MP: 6/6
  3279 | D:5      | Reached skill level 7 in Unarmed Combat
  3936 | D:6      | Upgraded the game from 0.27-a0-1105-g946c659c87 to
                  | 0.27-a0-1113-gb2b6fe9c5e
  3940 | D:6      | Reached XP level 8. HP: 66/79 MP: 7/7
  3960 | D:6      | Reached skill level 8 in Unarmed Combat
  4227 | D:6      | Noticed Edmund
  4241 | D:6      | Killed Edmund
  4322 | D:6      | Reached *** piety under Trog
  4394 | D:6      | Reached skill level 9 in Unarmed Combat
  4714 | D:7      | Found a white marble altar of Elyvilon.
  4852 | D:7      | Reached XP level 9. HP: 55/82 MP: 8/8
  4916 | D:7      | Reached skill level 5 in Dodging
  4946 | D:7      | Reached skill level 10 in Unarmed Combat
  5641 | D:8      | Reached skill level 5 in Fighting
  5730 | D:8      | Noticed Prince Ribbit
  5739 | D:8      | Killed Prince Ribbit
  5888 | D:8      | Reached skill level 11 in Unarmed Combat
  6033 | D:8      | Reached **** piety under Trog
  6217 | D:8      | Found a staircase to the Lair.
  6241 | D:8      | Paralysed by a hornet for 3 turns
  6757 | D:9      | Reached XP level 10. HP: 98/98 MP: 9/9
  6762 | D:9      | Found a staircase to the Orcish Mines.
  7218 | D:9      | Reached ***** piety under Trog
  7424 | Orc:1    | Entered Level 1 of the Orcish Mines
  7424 | Orc:1    | Noticed an orc sorcerer
  7429 | Orc:1    | Killed an orc sorcerer
  7430 | Orc:1    | Reached skill level 12 in Unarmed Combat
  7468 | D:10     | Entered Level 10 of the Dungeon
  7737 | D:10     | Noticed Erica
  7749 | D:10     | Killed Erica
  8250 | D:10     | Reached XP level 11. HP: 107/107 MP: 10/10
  8341 | D:11     | Noticed an eight-headed hydra
  8363 | D:11     | Noticed a two-headed ogre
  8371 | D:11     | Killed a two-headed ogre
  8372 | D:11     | Reached skill level 13 in Unarmed Combat
  8505 | D:11     | Noticed a death yak
  8582 | D:11     | Killed an eight-headed hydra
  8647 | D:11     | Received a gift from Trog
  8708 | D:11     | Noticed a two-headed ogre
  8714 | D:11     | Killed a two-headed ogre
  8756 | D:11     | Noticed a six-headed hydra
  8837 | D:10     | Killed an eight-headed hydra
  9000 | D:11     | Noticed Snorg
  9010 | D:11     | Killed Snorg
  9089 | D:11     | Noticed a six-headed hydra
  9090 | D:11     | Noticed a two-headed ogre
  9102 | D:11     | Killed a six-headed hydra
  9103 | D:11     | Reached skill level 14 in Unarmed Combat
  9166 | D:11     | Killed a two-headed ogre
  9167 | D:11     | Reached skill level 1 in Armour
  9482 | D:11     | Noticed a death yak
  9567 | D:11     | Noticed a death yak
  9568 | D:11     | Noticed a death yak
  9636 | Lair:1   | Entered Level 1 of the Lair of Beasts
  9702 | Lair:1   | Reached XP level 12. HP: 116/119 MP: 11/11
  9765 | Lair:1   | Found a frozen archway.
  9790 | IceCv    | Entered an ice cave
 10173 | IceCv    | Noticed a death yak
 10173 | IceCv    | Noticed a death yak
 10200 | IceCv    | Killed a death yak
 10204 | IceCv    | Killed a death yak
 10205 | IceCv    | Reached skill level 15 in Unarmed Combat
 10470 | IceCv    | Noticed a death yak
 10470 | IceCv    | Noticed a frost giant
 10511 | IceCv    | HP: 3/122 [frost giant/bolt of cold (44)]
 10515 | IceCv    | Killed from afar by a frost giant

Illustrated notes

Levels and vault maps discovered:
D:1:      kilobyte_arrival_exit_the_forest, layout_rooms
D:2:      layout_loops_cross, ebering_ecumenical_altar_abandoned
D:3:      layout_basic, hangedman_abyss_or_decor_stabs
D:4:      layout_basic, minmay_temple_entry_enclosed_plants, uniq_sigmund
D:5:      layout_cave_pods, minmay_parallelograms, lemuel_old_faithful
D:6:      layout_rooms, minmay_misc_feat_five, chequers_serial_rivers_marsh,
          hangedman_glass_teeth, minmay_mini_ossuary, uniq_edmund
D:7:      layout_loops_ring, elyvilon_altar_3, hex_tiny
D:8:      layout_basic, lair_entry_dummy, chequers_garden,
          kennysheep_generic_room_10, uniq_prince_ribbit1
D:9:      layout_loops_ring, erik_orc_4, chequers_serial_rivers_small_b
D:10:     layout_small_grid, uniq_erica
D:11:     slaughterhouse, layout_gridville, serial_rivers,
          chequers_serial_rivers_micro_b, chequers_serial_rivers_small_3,
          chequers_serial_rivers_micro_e, chequers_serial_rivers_room_b,
          chequers_serial_rivers_micro_a, chequers_serial_rivers_room_a,
          uniq_snorg
D:12:     layout_big_octagon
Lair:1:   layout_chaotic_city, portal_ice_cave_entry_pillars_1, st_stairs_4,
          grunt_megastairs_3, minmay_lair_oklob_chamber,
          infiniplex_staircase_pool_2
Orc:1:    layout_diamond_mine
IceCv:    ice_cave_caverns_03

Skill      XL: |  1  2  3  4  5  6  7  8  9 10 11 12 |
---------------+-------------------------------------+-----
Fighting       | 3 4 5 6 8 |  8.9
Dodging        | 3 4 6 7 8 |  8.1
Unarmed Combat | 4 5 6 7 9 11 12 14 15 | 15.2
Armour         | 1 3 |  3.9

Action                   |  1- 3 |  4- 6 |  7- 9 | 10-12 || total
-------------------------+-------+-------+-------+-------++-------
Melee: Unarmed           |    46 |    59 |   278 |   393 ||   776
       Punch             |       |       |    10 |    44 ||    54
       Giant spiked club |       |       |       |    21 ||    21
Throw: Stone             |       |     1 |     2 |     3 ||     6
       Large rock        |       |       |       |     8 ||     8
Invok: Berserk           |       |     1 |       |       ||     1
       Trog's Hand       |       |       |       |     3 ||     3
       Brothers in Arms  |       |       |       |     2 ||     2
  Use: Scroll            |       |       |     7 |     4 ||    11
       Potion            |       |       |       |     2 ||     2
Armor: Animal skin       |    18 |     6 |    87 |    11 ||   122
       Acid dragon scale |       |       |       |   179 ||   179
Dodge: Dodged            |    28 |    21 |   126 |   242 ||   417
Block: Other             |       |       |       |    80 ||    80
       Reflection        |       |       |       |     2 ||     2

Table legend: (Time is in decaauts)
 A = Elapsed time spent in this place.
 B = Non-inter-level travel time spent in this place.
 C = Inter-level travel time spent in this place.
 D = Time resting spent in this place.
 E = Time spent auto-exploring this place.
 F = Levels seen in this place.
 G = Mean time per level.
                   A        B        C        D        E       F      G
               +--------+--------+--------+--------+--------+-----+--------+
         Total |  10433 |  10098 |    335 |   1597 |   4701 |  15 |  695.5 |
       Dungeon |   9572 |   9237 |    335 |   1286 |   4589 |  12 |  797.7 |
          Lair |    148 |    148 |      0 |     25 |     36 |   1 |  148.0 |
  Orcish Mines |      5 |      5 |      0 |      0 |      0 |   1 |    5.0 |
      Ice Cave |    707 |    707 |      0 |    286 |     75 |   1 |  707.0 |
               +--------+--------+--------+--------+--------+-----+--------+

Top non-repeatable levels by time:
     D:8: 1293 daAuts
    D:10: 1110 daAuts
    D:11: 1024 daAuts
     D:5: 984 daAuts
     D:3: 900 daAuts
     D:9: 820 daAuts
     D:4: 744 daAuts
     D:7: 721 daAuts
     D:1: 720 daAuts
   IceCv: 707 daAuts
     D:6: 665 daAuts
     D:2: 583 daAuts
  Lair:1: 148 daAuts
   Orc:1: 5 daAuts
    D:12: 1 daAuts
